 Dungeon Crawl Stone Soup version 0.21.1-1-g345015f (webtiles) character file.

64 Kagorn the Skirmisher (level 4, 0/43 HPs)
             Began as a Gargoyle Fighter on July 22, 2018.
             Slain by a jackal (1 damage)
             ... on level 2 of the Dungeon.
             The game lasted 00:08:17 (1078 turns).

Kagorn the Skirmisher (Gargoyle Fighter)            Turns: 1078, Time: 00:08:17

Health: 0/43       AC: 22    Str: 20    XL:     4   Next: 12%
Magic:  4/4        EV:  2    Int:  8    God:
Gold:   46         SH:  9    Dex: 10    Spells: 3/3 levels left

rFire    . . .     SeeInvis .   a - +0 long sword
rCold    . . .     Gourm    .   c - +0 shield
rNeg     + + +     Faith    .   (armour currently unavailable)
rPois    ∞         Spirit   .   (helmet currently unavailable)
rElec    .         Reflect  .   (cloak currently unavailable)
rCorr    .         Harm     .   (gloves currently unavailable)
MR       .....     NoTele   +   (boots currently unavailable)
Stlth    +.........             (no amulet)
HPRegen  0.14/turn              (no ring)
MPRegen  0.09/turn              (no ring)

@: tree-form
A: negative energy resistance 1, petrification resistance, rot immunity, AC +3
a: no special abilities


You were on level 2 of the Dungeon.
You were not hungry.
You were a tree.
You visited 1 branch of the dungeon, and saw 3 of its levels.

You collected 46 gold pieces.

Inventory:

Hand Weapons
 a - a +0 long sword (weapon)
Missiles
 g - 101 stones (quivered)
Armour
 b - a +0 scale mail (melded)
 c - a +0 shield (worn)
Scrolls
 e - 2 scrolls of magic mapping {unknown}
 h - a scroll of remove curse {unknown}
 i - 3 scrolls of identify {unknown}
 l - 3 scrolls of teleportation {unknown}
 n - a scroll of blinking {unknown}
Potions
 d - a potion of might
Comestibles
 f - 4 rations


   Skills:
 * Level 4.0 Fighting
 * Level 2.4 Long Blades
 + Level 3.6 Armour
 + Level 1.0 Dodging
 + Level 3.5 Shields


You had 3 spell levels left.
You didn't know any spells.

Dungeon Overview and Level Annotations

Branches:
Dungeon (3/15)

Altars:
Qazlal


Innate Abilities, Weirdness & Mutations

You are resistant to torment.
((Your stone body is resilient. (AC +3)))
You are immune to poison.
You resist negative energy. (rN+)
((You are resistant to electric shocks. (rElec)))
((You can survive without breathing.))
You are immune to petrification.
You are immune to rotting.


Message History

It was a potion of magic.
Magic courses through your body.
The jackal bites you but does no damage.
You block the adder's attack.
The jackal bites you but does no damage.
You block the gnoll's attack.
The jackal bites you but does no damage.
The adder bites you but does no damage. The gnoll hits you but does no damage.
Your shield prevents you from hitting the adder.
You block the jackal's attack.
The jackal bites you but does no damage.
The adder bites you but does no damage.
The jackal bites you but does no damage.
The gnoll barely misses you.
You riposte.
You hit the gnoll.
The gnoll is lightly wounded.
You block the gnoll's attack. The jackal barely misses you.
You closely miss the adder. You block the jackal's attack.
The adder bites you but does no damage. The gnoll hits you but does no damage.
The jackal bites you but does no damage.
The gnoll hits you but does no damage. The jackal bites you.
You die...

#.##### #.# .# .#
#.##### $##.###
#####.....# ...... ##
#.........# ..#.#.#
.###..##.#####.##......
..(...##.# #.#...#.#.#
.####.##.## #.ghS.....#
.^^^≈...≈§######♣h.#
^≈^#^..#.^......g.##
≈###...#.#^.#######
^≈##...§##^.#
§^≈^^..^§...#
§§.§._..§...#
.≈§.......^##
.≈(^..^≈##^#
.#^^^..##§.#


You could see 2 gnolls, an adder and 2 jackals.

Vanquished Creatures
  A gnoll (D:2)
  An adder (D:2)
  2 dart slugs (D:1)
  2 leopard geckos (D:1)
  6 bats
  A giant cockroach (D:1)
  3 goblins (D:1)
  7 hobgoblins
  4 frilled lizards
  4 kobolds (D:1)
  9 rats
40 creatures vanquished.

Notes
Turn   | Place    | Note
-------+----------+-------------------------------------------
     0 | D:1      | Kagorn the Gargoyle Fighter began the quest for the Orb.
     0 | D:1      | Reached XP level 1. HP: 14/14 MP: 1/1
   103 | D:1      | Reached XP level 2. HP: 19/19 MP: 2/2
   273 | D:1      | Reached XP level 3. HP: 18/24 MP: 3/3
   577 | D:1      | You fall through a shaft!
   577 | D:2      | Found a stormy altar of Qazlal.
   998 | D:2      | Reached skill level 1 in Dodging
  1068 | D:2      | HP: 1/36 [gnoll/halberd (2)]
  1073 | D:2      | Reached skill level 4 in Fighting
  1073 | D:2      | Reached XP level 4. HP: 1/29 MP: 4/4
  1074 | D:2      | HP: 1/43 [adder (1)]
  1078 | D:2      | Slain by a jackal

Skill      XL: |  1  2  3 |
---------------+----------+-----
Long Blades    | 2 |  2.4
Dodging        | 1 |  1.0
Fighting       | 4 |  4.0
Armour         | |  3.6
Shields        | |  3.5

Action                   |  1- 3 |  4- 6 || total
-------------------------+-------+-------++-------
Melee: Long sword        |   142 |     4 ||   146
  Use: Potion            |     2 |     1 ||     3
  Eat: Chunk             |     1 |       ||     1
Armor: Scale mail        |   102 |       ||   102
       Skin              |    20 |    28 ||    48
Dodge: Dodged            |    64 |     2 ||    66
Block: Shield            |   105 |    11 ||   116
       Rpst.: Long sword |    25 |     1 ||    26
